DETROIT vs TORONTO

Created - January 19, 2021 at 06:51

Goals
1 2 3 T
DETROIT 2 0 1 3
TORONTO 2 1 1 4
Shots
1 2 3 T
DETROIT 10 11 14 35
TORONTO 7 12 6 25

1st period

1. TORONTO , Brayden Point 6 (Mark Scheifele 8, Kevin Shattenkirk 7) at 4:42 (PP)
2. DETROIT , Christian Dvorak 2 (Alex Pietrangelo 4) at 10:03
3. DETROIT , Zemgus Girgensons 2 (Alexander Wennberg 1) at 16:07
4. TORONTO , Oskar Lindblom 3 (Ian Cole 5, Nick Suzuki 5) at 18:09

Penalties :
Brady Tkachuk (TOR) for Slashing (Minor) at 1:09, Brendan Smith (DET) for Hooking (Minor) at 4:32, Ethan Bear (TOR) for Tripping (Minor) at 7:38

2nd period

5. TORONTO , Justin Williams 2 (Josh Morrissey 1, Oskar Lindblom 1) at 14:09

Penalties :
No Penalty

3rd period

6. TORONTO , Brayden Point 7 (Joe Pavelski 6, Mark Scheifele 9) at 1:50 (PP)
7. DETROIT , Andrej Sekera 1 (Valeri Nichushkin 2, Patrik Nemeth 2) at 15:37

Penalties :
Christian Dvorak (DET) for Tripping (Minor) at 1:12, Oskar Lindblom (TOR) for Hooking (Minor) at 7:39, Jordie Benn (TOR) for Hooking (Minor) at 18:17, Scott Laughton (DET) for Slashing (Minor) at 18:17, Anton Khudobin (TOR) for Slashing (Minor) at 19:41 - Brady Tkachuk served the penalty.

Goalie Stats

John Gibson (DET), 21 saves from 25 shots - (0.840), L, 5-4-1, 59:19 minutes
Anton Khudobin (TOR), 32 saves from 35 shots - (0.914), W, 4-3-0, 60:00 minutes

Players Stats for DETROIT

Player Name              G  A  P  +/- PIM S  H  SB GA TA FO     MP     PP MP  PK MP  
------------------------------------------------------------------------------------
Aaron Ekblad             0  0  0   1  0   2  0  0  0  0  0/0    21:21   2:24   0:32 
Alex Pietrangelo         0  1  1   1  0   3  1  2  0  0  0/0    21:21   2:24   0:32 
Alexander Wennberg       0  1  1   2  0   1  0  0  0  0  5/12   13:42   0:00   0:12 
Andrej Sekera            1  0  1   1  0   3  3  0  0  0  0/0    13:43   0:00   0:00 
Brendan Smith            0  0  0  -1  2   0  0  0  0  0  0/0     5:20   0:00   0:00 
Calle Jarnkrok           0  0  0   1  0   2  1  0  0  0  0/0    18:06   3:02   0:00 
Chandler Stephenson      0  0  0  -1  0   0  0  0  0  0  0/1     6:10   0:00   0:00 
Christian Dvorak         1  0  1   1  2   4  0  0  0  0  12/19  18:23   3:02   0:00 
Colton Sceviour          0  0  0  -1  0   1  1  0  0  0  0/0     6:20   0:00   0:48 
Justin Abdelkader        0  0  0  -1  0   0  1  1  0  0  5/9     5:32   0:00   0:00 
Max Domi                 0  0  0   1  0   4  2  0  0  0  2/4    18:44   3:02   0:00 
Oscar Klefbom            0  0  0   0  0   4  0  0  0  0  0/0    19:35   3:33   0:16 
Patrik Nemeth            0  1  1   1  0   1  1  0  0  0  0/0    13:43   0:00   0:00 
Robert Bortuzzo          0  0  0  -1  0   1  1  1  0  0  0/0     5:21   0:00   0:00 
Ryan Nugent-Hopkins      0  0  0  -1  0   3  1  0  0  0  4/8    22:02   2:55   0:36 
Scott Laughton           0  0  0  -1  2   0  2  0  0  0  14/22  20:39   2:55   0:00 
Taylor Hall              0  0  0  -1  0   2  1  2  0  0  0/0    21:26   2:55   0:00 
Tyler Myers              0  0  0   0  0   1  1  1  0  0  0/0    19:35   3:33   0:16 
Valeri Nichushkin        0  1  1   2  0   0  0  0  0  0  0/1    13:12   0:00   0:00 
Zemgus Girgensons        1  0  1   2  0   3  1  0  0  0  0/0    13:12   0:00   0:00 

Players Stats for TORONTO

Player Name              G  A  P  +/- PIM S  H  SB GA TA FO     MP     PP MP  PK MP  
------------------------------------------------------------------------------------
Brady Tkachuk            0  0  0  -1  2   1  5  0  0  0  1/2    16:44   0:30   0:23 
Brayden Point            2  0  2   0  0   3  1  0  0  0  3/8    21:44   0:18   2:59 
Curtis Lazar             0  0  0  -2  0   0  0  0  0  0  6/16   10:27   0:00   2:22 
Ethan Bear               0  0  0   0  2   2  1  1  0  0  0/0    19:58   0:00   1:24 
Ian Cole                 0  1  1  -1  0   1  2  1  0  0  0/0    17:20   0:00   2:44 
Jeff Skinner             0  0  0  -1  0   1  0  0  0  0  0/0    15:52   0:30   0:00 
Joe Pavelski             0  1  1  -1  0   3  0  0  0  0  10/15  15:40   0:18   0:00 
Jordan Martinook         0  0  0  -2  0   1  0  0  0  0  0/1    11:00   0:00   2:55 
Jordie Benn              0  0  0  -1  2   1  2  0  0  0  0/0    16:30   0:00   2:25 
Josh Morrissey           0  1  1   0  0   1  1  2  0  0  0/0    23:26   0:30   2:40 
Justin Williams          1  0  1   2  0   3  1  0  0  0  0/0    10:33   0:00   0:00 
Kevin Shattenkirk        0  1  1   0  0   0  0  1  0  0  0/0    18:25   0:18   0:02 
Mark Scheifele           0  2  2   0  0   1  3  0  0  0  7/18   18:21   0:18   0:00 
Matt Niskanen            0  0  0   0  0   1  7  3  0  0  0/0    24:01   0:30   3:15 
Nick Suzuki              0  1  1   2  0   0  1  0  0  0  6/12   11:03   0:30   0:00 
Ondrej Palat             0  0  0   0  0   1  2  0  0  0  1/4    21:14   0:18   2:29 
Oskar Lindblom           1  1  2   2  2   2  1  0  0  0  0/0    10:34   0:00   0:02 
Ryan Reaves              0  0  0  -2  0   3  1  0  0  0  0/0     9:07   0:00   1:02 

3 Stars

1 - Brayden Point (TOR)
2 - Oskar Lindblom (TOR)
3 - Justin Williams (TOR)

Power Play

DETROIT - 0 on 4 Attempt(s) - 0.00%
TORONTO - 2 on 2 Attempt(s) - 100.00%

Penalty Kill

DETROIT - 0 on 2 Attempt(s) - 0.00% - Score 0 goal in Penalty Kill
TORONTO - 4 on 4 Attempt(s) - 100.00% - Score 0 goal in Penalty Kill

Team Stat

DETROIT - Hits : 17 - Faceoff Wins : 42 - Blocked Shots : 7 - Penalty Minutes : 6
TORONTO - Hits : 28 - Faceoff Wins : 34 - Blocked Shots : 8 - Penalty Minutes : 10

Official

Referees : Brandon Blandina and Francois St-Laurent
Linesman : Jeff Walker and Neil Campbell

Game Notes

No Game Note

Finance

Level 1 -- Attendance: 6000 (100.00%) -- Ticket Income $408,000
Level 2 -- Attendance: 4378 (87.56%) -- Ticket Income $240,790
Level 3 -- Attendance: 1781 (89.05%) -- Ticket Income $55,211
Level 4 -- Attendance: 3003 (75.08%) -- Ticket Income $66,066
Luxury Box -- Attendance: 1000 (100.00%) -- Ticket Income $135,000
Game was played at the Air Canada Center.
Total Attendance: 16162 (89.79%)
Total Ticket Income: $905,067
Total Income: $905,067

DETROIT

5 vs 5 Forward 
   Center                   Left Wing                Right Wing               Time % Phy DF OF 
 1 Scott Laughton           Taylor Hall              Ryan Nugent-Hopkins      35     1   2  2  
 2 Christian Dvorak         Max Domi                 Calle Jarnkrok           30     1   2  2  
 3 Alexander Wennberg       Zemgus Girgensons        Valeri Nichushkin        25     1   2  2  
 4 Justin Abdelkader        Chandler Stephenson      Colton Sceviour          10     1   2  2  

5 vs 5 Defense 
   Defense                  Defense                                           Time % Phy DF OF 
 1 Alex Pietrangelo         Aaron Ekblad                                      35     1   2  2  
 2 Tyler Myers              Oscar Klefbom                                     30     1   2  2  
 3 Patrik Nemeth            Andrej Sekera                                     25     1   2  2  
 4 Brendan Smith            Robert Bortuzzo                                   10     1   2  2  

PowerPlay Forward 
   Center                   Left Wing                Right Wing               Time % Phy DF OF 
 1 Scott Laughton           Taylor Hall              Ryan Nugent-Hopkins      60     1   2  2  
 2 Christian Dvorak         Max Domi                 Calle Jarnkrok           40     1   2  2  

PowerPlay Defense
   Defense                  Defense                                           Time % Phy DF OF 
 1 Alex Pietrangelo         Aaron Ekblad                                      60     1   2  2  
 2 Tyler Myers              Oscar Klefbom                                     40     1   2  2  

Penalty Kill 4 Players Forward 
   Center                   Wing                     Time % Phy DF OF 
 1 Ryan Nugent-Hopkins      Colton Sceviour          60     1   2  2  
 2 Scott Laughton           Zemgus Girgensons        40     1   2  2  

Penalty Kill 4 Players Defense
   Defense                  Defense                  Time % Phy DF OF 
 1 Alex Pietrangelo         Aaron Ekblad             60     1   2  2  
 2 Tyler Myers              Oscar Klefbom            40     1   2  2  

Penalty Kill - 3 Players Forward 
   Forward                                           Time % Phy DF OF 
 1 Ryan Nugent-Hopkins                               60     1   2  2  
 2 Colton Sceviour                                   40     1   2  2  

Penalty Kill - 3 Players Defense
   Defense                  Defense                  Time % Phy DF OF 
 1 Alex Pietrangelo         Aaron Ekblad             60     1   2  2  
 2 Tyler Myers              Oscar Klefbom            40     1   2  2  

4 vs 4 Forward 
   Center                   Wing                     Time % Phy DF OF 
 1 Ryan Nugent-Hopkins      Taylor Hall              60     1   2  2  
 2 Scott Laughton           Max Domi                 40     1   2  2  

4 vs 4 Defense
   Defense                  Defense                  Time % Phy DF OF 
 1 Alex Pietrangelo         Aaron Ekblad             60     1   2  2  
 2 Tyler Myers              Oscar Klefbom            40     1   2  2  

Last Minutes Offensive
   Center                   Left Wing                Right Wing               Defense                  Defense                  
   Christian Dvorak         Taylor Hall              Ryan Nugent-Hopkins      Alex Pietrangelo         Aaron Ekblad             

Last Minutes Defensive
   Center                   Left Wing                Right Wing               Defense                  Defense                  
   Scott Laughton           Taylor Hall              Ryan Nugent-Hopkins      Alex Pietrangelo         Aaron Ekblad             

Goaltenders
Starting : John Gibson              
Backup : Pheonix Copley           

Extra Forwards
Normal : Chandler Stephenson, Christian Dvorak, Alexander Wennberg - PP : Chandler Stephenson, Christian Dvorak - PK : Alexander Wennberg
Extra Defensemen
Normal : Patrik Nemeth, Andrej Sekera, Brendan Smith - PP : Patrik Nemeth - PK : Andrej Sekera, Brendan Smith
Penalty Shots
Ryan Nugent-Hopkins, Taylor Hall, Max Domi, Scott Laughton, Calle Jarnkrok

Scratches
Tomas Nosek (Healthy)

TORONTO

5 vs 5 Forward 
   Center                   Left Wing                Right Wing               Time % Phy DF OF 
 1 Mark Scheifele           Ondrej Palat             Brayden Point            35     1   1  3  
 2 Joe Pavelski             Brady Tkachuk            Jeff Skinner             30     2   1  2  
 3 Nick Suzuki              Oskar Lindblom           Justin Williams          20     1   2  2  
 4 Curtis Lazar             Jordan Martinook         Ryan Reaves              15     2   2  1  

5 vs 5 Defense 
   Defense                  Defense                                           Time % Phy DF OF 
 1 Josh Morrissey           Matt Niskanen                                     35     1   2  2  
 2 Ethan Bear               Kevin Shattenkirk                                 35     1   2  2  
 3 Ian Cole                 Jordie Benn                                       25     1   3  1  
 4 Josh Morrissey           Matt Niskanen                                     5      1   2  2  

PowerPlay Forward 
   Center                   Left Wing                Right Wing               Time % Phy DF OF 
 1 Joe Pavelski             Ondrej Palat             Brayden Point            60     1   2  2  
 2 Nick Suzuki              Brady Tkachuk            Jeff Skinner             40     1   2  2  

PowerPlay Defense
   Defense                  Defense                                           Time % Phy DF OF 
 1 Mark Scheifele           Kevin Shattenkirk                                 60     1   2  2  
 2 Matt Niskanen            Josh Morrissey                                    40     1   2  2  

Penalty Kill 4 Players Forward 
   Center                   Wing                     Time % Phy DF OF 
 1 Brayden Point            Ondrej Palat             60     0   3  2  
 2 Curtis Lazar             Jordan Martinook         40     0   3  2  

Penalty Kill 4 Players Defense
   Defense                  Defense                  Time % Phy DF OF 
 1 Ian Cole                 Matt Niskanen            60     1   3  1  
 2 Josh Morrissey           Jordie Benn              40     1   3  1  

Penalty Kill - 3 Players Forward 
   Forward                                           Time % Phy DF OF 
 1 Ondrej Palat                                      60     1   3  1  
 2 Jordan Martinook                                  40     1   3  1  

Penalty Kill - 3 Players Defense
   Defense                  Defense                  Time % Phy DF OF 
 1 Ian Cole                 Matt Niskanen            60     1   3  1  
 2 Josh Morrissey           Jordie Benn              40     1   3  1  

4 vs 4 Forward 
   Center                   Wing                     Time % Phy DF OF 
 1 Brayden Point            Ondrej Palat             60     1   2  2  
 2 Mark Scheifele           Brady Tkachuk            40     1   2  2  

4 vs 4 Defense
   Defense                  Defense                  Time % Phy DF OF 
 1 Josh Morrissey           Matt Niskanen            60     1   2  2  
 2 Ian Cole                 Ethan Bear               40     1   2  2  

Last Minutes Offensive
   Center                   Left Wing                Right Wing               Defense                  Defense                  
   Mark Scheifele           Jeff Skinner             Brayden Point            Josh Morrissey           Kevin Shattenkirk        

Last Minutes Defensive
   Center                   Left Wing                Right Wing               Defense                  Defense                  
   Brayden Point            Ondrej Palat             Joe Pavelski             Josh Morrissey           Matt Niskanen            

Goaltenders
Starting : Anton Khudobin           
Backup : Jonathan Quick           

Extra Forwards
Normal : Joe Pavelski, Jordan Martinook, Oskar Lindblom - PP : Justin Williams, Oskar Lindblom - PK : Ryan Reaves
Extra Defensemen
Normal : Ethan Bear, Jordie Benn, Matt Niskanen - PP : Ethan Bear - PK : Jordie Benn, Ian Cole
Penalty Shots
Brayden Point, Mark Scheifele, Jeff Skinner, Ondrej Palat, Brady Tkachuk

Scratches
TOR Cap Hit (Suspend)

% Time on Ice - DETROIT

Lines # - Real PCT - Wanted PCT - Time Play
Normal Forward
1 - 34% - 35% - 17:45
2 - 29% - 30% - 15:04
3 - 26% - 25% - 13:12
4 - 11% - 10% - 5:32
Normal Defense
1 - 34% - 35% - 17:47
2 - 29% - 30% - 14:42
3 - 27% - 25% - 13:43
4 - 10% - 10% - 5:21
PP Forward
1 - 49% - 60% - 2:55
2 - 51% - 40% - 3:02
PP Defense
1 - 40% - 60% - 2:24
2 - 60% - 40% - 3:33
PK Forward
1 - 100% - 60% - 0:48
2 - 0% - 40% - 0:00
PK Defense
1 - 67% - 60% - 0:32
2 - 33% - 40% - 0:16
PK3 Forward
1 - 0% - 60%
2 - 0% - 40%
PK3 Defense
1 - 0% - 60%
2 - 0% - 40%
44 Forward
1 - 63% - 60% - 1:04
2 - 37% - 40% - 0:38
44 Defense
1 - 37% - 60% - 0:38
2 - 63% - 40% - 1:04
Last Minute Offensive  - 0:00
Last Minute Defensive  - 0:00
Total
Forward - 60:00
Defense - 60:00

% Time on Ice - TORONTO

Lines # - Real PCT - Wanted PCT - Time Play
Normal Forward
1 - 34% - 35% - 17:33
2 - 30% - 30% - 15:22
3 - 20% - 20% - 10:33
4 - 16% - 15% - 8:05
Normal Defense
1 - 34% - 35% - 17:45
2 - 35% - 35% - 18:05
3 - 27% - 25% - 14:06
4 - 3% - 5% - 1:37
PP Forward
1 - 38% - 60% - 0:18
2 - 63% - 40% - 0:30
PP Defense
1 - 38% - 60% - 0:18
2 - 63% - 40% - 0:30
PK Forward
1 - 60% - 60% - 3:35
2 - 40% - 40% - 2:22
PK Defense
1 - 59% - 60% - 3:32
2 - 41% - 40% - 2:25
PK3 Forward
1 - 6% - 60% - 0:01
2 - 94% - 40% - 0:17
PK3 Defense
1 - 0% - 60% - 0:00
2 - 100% - 40% - 0:18
44 Forward
1 - 64% - 60% - 0:54
2 - 36% - 40% - 0:30
44 Defense
1 - 64% - 60% - 0:54
2 - 36% - 40% - 0:30
Last Minute Offensive  - 0:00
Last Minute Defensive  - 0:00
Total
Forward - 60:00
Defense - 60:00

Play-by-Play

1st period


0:01 of 1st period - Mark Scheifele wins face-off versus Scott Laughton in neutral zone.
0:30 of 1st period - Shot by Brayden Point.
0:30 of 1st period - Shot Hit the Post.
0:38 of 1st period - Shot by Brayden Point.
0:38 of 1st period - Shot Blocked by Taylor Hall.
1:09 of 1st period - Minor Penalty to Brady Tkachuk for Slashing.
1:10 of 1st period - Christian Dvorak wins face-off versus Ondrej Palat in TORONTO zone.
2:10 of 1st period - Shot by Scott Laughton.
2:10 of 1st period - Shot Misses the Net.
4:32 of 1st period - Minor Penalty to Brendan Smith for Hooking.
4:33 of 1st period - Joe Pavelski wins face-off versus Ryan Nugent-Hopkins in DETROIT zone.
4:42 of 1st period - Shot by Brayden Point.
4:42 of 1st period - Goal by Brayden Point - DETROIT : 0 - TORONTO : 1.
4:43 of 1st period - Curtis Lazar wins face-off versus Scott Laughton in neutral zone.
4:54 of 1st period - Icing by Josh Morrissey.
4:55 of 1st period - Curtis Lazar wins face-off versus Christian Dvorak in TORONTO zone.
5:08 of 1st period - Shot by Jordan Martinook.
5:08 of 1st period - Deflect By Ryan Reaves.
5:08 of 1st period - Stopped by John Gibson without a rebound.
5:09 of 1st period - Alexander Wennberg wins face-off versus Mark Scheifele in DETROIT zone.
6:10 of 1st period - Shot by Joe Pavelski.
6:10 of 1st period - Shot Misses the Net.
6:13 of 1st period - Icing by Valeri Nichushkin.
6:14 of 1st period - Alexander Wennberg wins face-off versus Nick Suzuki in DETROIT zone.
6:14 of 1st period - Alexander Wennberg is hit by Nick Suzuki.
6:42 of 1st period - Max Domi is hit by Matt Niskanen and loses puck.
7:33 of 1st period - Shot by Scott Laughton.
7:33 of 1st period - Shot Misses the Net.
7:35 of 1st period - Shot by Andrej Sekera.
7:35 of 1st period - Stopped by Anton Khudobin without a rebound.
7:36 of 1st period - Justin Abdelkader wins face-off versus Mark Scheifele in TORONTO zone.
7:37 of 1st period - Shot by Colton Sceviour.
7:37 of 1st period - Stopped by Anton Khudobin without a rebound.
7:38 of 1st period - Justin Abdelkader wins face-off versus Mark Scheifele in TORONTO zone.
7:38 of 1st period - Minor Penalty to Ethan Bear for Tripping.
7:39 of 1st period - Scott Laughton wins face-off versus Brayden Point in TORONTO zone.
8:00 of 1st period - Shot by Oscar Klefbom.
8:00 of 1st period - Stopped by Anton Khudobin with a rebound.
8:10 of 1st period - Ian Cole is hit by Scott Laughton and loses puck.
8:28 of 1st period - Off-side.
8:29 of 1st period - Christian Dvorak wins face-off versus Curtis Lazar in neutral zone.
8:58 of 1st period - Shot by Aaron Ekblad.
8:58 of 1st period - Shot Blocked by Josh Morrissey.
9:02 of 1st period - Shot by Alex Pietrangelo.
9:02 of 1st period - Stopped by Anton Khudobin without a rebound.
9:03 of 1st period - Ryan Nugent-Hopkins wins face-off versus Brayden Point in TORONTO zone.
9:32 of 1st period - Shot by Oscar Klefbom.
9:32 of 1st period - Stopped by Anton Khudobin without a rebound.
9:33 of 1st period - Max Domi wins face-off versus Brayden Point in TORONTO zone.
9:59 of 1st period - Shot by Valeri Nichushkin.
9:59 of 1st period - Deflect By Zemgus Girgensons.
9:59 of 1st period - Stopped by Anton Khudobin without a rebound.
10:00 of 1st period - Christian Dvorak wins face-off versus Curtis Lazar in TORONTO zone.
10:01 of 1st period - Shot by Alex Pietrangelo.
10:01 of 1st period - Shot Misses the Net.
10:03 of 1st period - Shot by Christian Dvorak.
10:03 of 1st period - Goal by Christian Dvorak - DETROIT : 1 - TORONTO : 1.
10:04 of 1st period - Christian Dvorak wins face-off versus Ondrej Palat in neutral zone.
10:11 of 1st period - Shot by Max Domi.
10:11 of 1st period - Shot Blocked by Josh Morrissey.
10:26 of 1st period - Max Domi is hit by Matt Niskanen and loses puck.
11:17 of 1st period - Shot by Brady Tkachuk.
11:17 of 1st period - Stopped by John Gibson with a rebound.
11:32 of 1st period - Off-side.
11:33 of 1st period - Scott Laughton wins face-off versus Curtis Lazar in neutral zone.
11:46 of 1st period - Shot by Curtis Lazar.
11:46 of 1st period - Deflect By Ryan Reaves.
11:46 of 1st period - Stopped by John Gibson with a rebound.
12:32 of 1st period - Shot by Ethan Bear.
12:32 of 1st period - Shot Misses the Net.
12:41 of 1st period - Icing by Ethan Bear.
12:42 of 1st period - Nick Suzuki wins face-off versus Justin Abdelkader in TORONTO zone.
12:44 of 1st period - Justin Williams is hit by Colton Sceviour.
12:59 of 1st period - Shot by Justin Williams.
12:59 of 1st period - Stopped by John Gibson with a rebound.
13:01 of 1st period - Shot by Nick Suzuki.
13:01 of 1st period - Shot Blocked by Robert Bortuzzo.
13:03 of 1st period - Shot by Oskar Lindblom.
13:03 of 1st period - Shot Blocked by Justin Abdelkader.
13:34 of 1st period - Icing by Zemgus Girgensons.
13:35 of 1st period - Joe Pavelski wins face-off versus Alexander Wennberg in DETROIT zone.
13:53 of 1st period - Shot by Joe Pavelski.
13:53 of 1st period - Shot Misses the Net.
14:28 of 1st period - Off-side.
14:29 of 1st period - Scott Laughton wins face-off versus Mark Scheifele in neutral zone.
14:36 of 1st period - Icing by Ethan Bear.
14:37 of 1st period - Scott Laughton wins face-off versus Ondrej Palat in TORONTO zone.
15:32 of 1st period - Josh Morrissey is hit by Ryan Nugent-Hopkins and loses puck.
15:48 of 1st period - Alex Pietrangelo is hit by Ryan Reaves and loses puck.
15:59 of 1st period - Shot by Christian Dvorak.
15:59 of 1st period - Shot Blocked by Matt Niskanen.
16:01 of 1st period - Shot by Max Domi.
16:01 of 1st period - Stopped by Anton Khudobin without a rebound.
16:02 of 1st period - Alexander Wennberg wins face-off versus Joe Pavelski in TORONTO zone.
16:07 of 1st period - Shot by Zemgus Girgensons.
16:07 of 1st period - Goal by Zemgus Girgensons - DETROIT : 2 - TORONTO : 1.
16:08 of 1st period - Joe Pavelski wins face-off versus Alexander Wennberg in neutral zone.
16:13 of 1st period - Shot by Joe Pavelski.
16:13 of 1st period - Stopped by John Gibson without a rebound.
16:14 of 1st period - Mark Scheifele wins face-off versus Christian Dvorak in DETROIT zone.
16:29 of 1st period - Shot by Christian Dvorak.
16:29 of 1st period - Stopped by Anton Khudobin with a rebound.
16:37 of 1st period - Shot by Max Domi.
16:37 of 1st period - Shot Blocked by Kevin Shattenkirk.
16:39 of 1st period - Shot by Max Domi.
16:39 of 1st period - Shot Misses the Net.
17:16 of 1st period - Alexander Wennberg is hit by Matt Niskanen and loses puck.
17:40 of 1st period - Off-side.
17:41 of 1st period - Nick Suzuki wins face-off versus Ryan Nugent-Hopkins in neutral zone.
17:43 of 1st period - Off-side.
17:44 of 1st period - Nick Suzuki wins face-off versus Scott Laughton in neutral zone.
17:56 of 1st period - Nick Suzuki is hit by Andrej Sekera and loses puck.
18:00 of 1st period - Oskar Lindblom is hit by Patrik Nemeth and loses puck.
18:09 of 1st period - Shot by Oskar Lindblom.
18:09 of 1st period - Goal by Oskar Lindblom - DETROIT : 2 - TORONTO : 2.
18:10 of 1st period - Joe Pavelski wins face-off versus Christian Dvorak in neutral zone.
18:42 of 1st period - Alex Pietrangelo is hit by Matt Niskanen and loses puck.
19:18 of 1st period - Off-side.
19:19 of 1st period - Justin Abdelkader wins face-off versus Curtis Lazar in neutral zone.
19:22 of 1st period - Curtis Lazar is hit by Justin Abdelkader and loses puck.
19:37 of 1st period - Shot by Colton Sceviour.
19:37 of 1st period - Shot Misses the Net.
Goals for this period are 2 for DETROIT vs 2 for TORONTO.
Shots for this period are 10 for DETROIT vs 7 for TORONTO.

2nd period


0:01 of 2nd period - Scott Laughton wins face-off versus Mark Scheifele in neutral zone.
0:27 of 2nd period - Icing by Kevin Shattenkirk.
0:28 of 2nd period - Christian Dvorak wins face-off versus Mark Scheifele in TORONTO zone.
0:29 of 2nd period - Shot by Max Domi.
0:29 of 2nd period - Stopped by Anton Khudobin without a rebound.
0:30 of 2nd period - Christian Dvorak wins face-off versus Joe Pavelski in TORONTO zone.
0:33 of 2nd period - Shot by Christian Dvorak.
0:33 of 2nd period - Deflect By Max Domi.
0:33 of 2nd period - Shot Blocked by Matt Niskanen.
0:51 of 2nd period - Shot by Christian Dvorak.
0:51 of 2nd period - Shot Misses the Net.
1:07 of 2nd period - Shot by Christian Dvorak.
1:07 of 2nd period - Stopped by Anton Khudobin without a rebound.
1:08 of 2nd period - Mark Scheifele wins face-off versus Scott Laughton in TORONTO zone.
1:20 of 2nd period - Ondrej Palat is hit by Tyler Myers and loses puck.
1:43 of 2nd period - Shot by Ryan Nugent-Hopkins.
1:43 of 2nd period - Shot Misses the Net.
3:27 of 2nd period - Shot by Joe Pavelski.
3:27 of 2nd period - Stopped by John Gibson without a rebound.
3:28 of 2nd period - Curtis Lazar wins face-off versus Justin Abdelkader in DETROIT zone.
3:39 of 2nd period - Shot by Jordie Benn.
3:39 of 2nd period - Stopped by John Gibson without a rebound.
3:40 of 2nd period - Joe Pavelski wins face-off versus Scott Laughton in DETROIT zone.
4:30 of 2nd period - Off-side.
4:31 of 2nd period - Ondrej Palat wins face-off versus Max Domi in neutral zone.
5:20 of 2nd period - Icing by Tyler Myers.
5:21 of 2nd period - Christian Dvorak wins face-off versus Nick Suzuki in DETROIT zone.
5:21 of 2nd period - Christian Dvorak is hit by Justin Williams.
5:39 of 2nd period - Shot by Justin Williams.
5:39 of 2nd period - Stopped by John Gibson without a rebound.
5:40 of 2nd period - Scott Laughton wins face-off versus Curtis Lazar in DETROIT zone.
6:11 of 2nd period - Shot by Taylor Hall.
6:11 of 2nd period - Stopped by Anton Khudobin without a rebound.
6:12 of 2nd period - Mark Scheifele wins face-off versus Alexander Wennberg in TORONTO zone.
6:41 of 2nd period - Shot by Mark Scheifele.
6:41 of 2nd period - Stopped by John Gibson with a rebound.
6:46 of 2nd period - Icing by Andrej Sekera.
6:47 of 2nd period - Joe Pavelski wins face-off versus Alexander Wennberg in DETROIT zone.
6:47 of 2nd period - Joe Pavelski is hit by Andrej Sekera.
6:53 of 2nd period - Shot by Ian Cole.
6:53 of 2nd period - Stopped by John Gibson with a rebound.
8:08 of 2nd period - Shot by Justin Williams.
8:08 of 2nd period - Shot Misses the Net.
8:10 of 2nd period - Shot by Ethan Bear.
8:10 of 2nd period - Stopped by John Gibson without a rebound.
8:11 of 2nd period - Mark Scheifele wins face-off versus Justin Abdelkader in DETROIT zone.
8:14 of 2nd period - Shot by Brayden Point.
8:14 of 2nd period - Shot Misses the Net.
8:16 of 2nd period - Shot by Mark Scheifele.
8:16 of 2nd period - Shot Misses the Net.
8:21 of 2nd period - Mark Scheifele is hit by Robert Bortuzzo.
8:23 of 2nd period - Shot by Ondrej Palat.
8:23 of 2nd period - Deflect By Mark Scheifele.
8:23 of 2nd period - Shot Misses the Net.
8:25 of 2nd period - Shot by Josh Morrissey.
8:25 of 2nd period - Stopped by John Gibson without a rebound.
8:26 of 2nd period - Christian Dvorak wins face-off versus Curtis Lazar in DETROIT zone.
9:25 of 2nd period - Icing by Ian Cole.
9:26 of 2nd period - Ryan Nugent-Hopkins wins face-off versus Mark Scheifele in TORONTO zone.
9:27 of 2nd period - Shot by Aaron Ekblad.
9:27 of 2nd period - Stopped by Anton Khudobin without a rebound.
9:28 of 2nd period - Brady Tkachuk wins face-off versus Scott Laughton in TORONTO zone.
9:45 of 2nd period - Ethan Bear is hit by Scott Laughton and loses puck.
9:54 of 2nd period - Shot by Alex Pietrangelo.
9:54 of 2nd period - Stopped by Anton Khudobin with a rebound.
9:58 of 2nd period - Shot by Ryan Nugent-Hopkins.
9:58 of 2nd period - Shot Blocked by Ethan Bear.
10:00 of 2nd period - Shot by Aaron Ekblad.
10:00 of 2nd period - Shot Misses the Net.
10:02 of 2nd period - Shot by Ryan Nugent-Hopkins.
10:02 of 2nd period - Stopped by Anton Khudobin without a rebound.
10:03 of 2nd period - Mark Scheifele wins face-off versus Alexander Wennberg in TORONTO zone.
10:03 of 2nd period - Mark Scheifele is hit by Zemgus Girgensons.
10:13 of 2nd period - Shot by Brayden Point.
10:13 of 2nd period - Stopped by John Gibson without a rebound.
10:14 of 2nd period - Christian Dvorak wins face-off versus Nick Suzuki in DETROIT zone.
10:23 of 2nd period - Shot by Calle Jarnkrok.
10:23 of 2nd period - Stopped by Anton Khudobin without a rebound.
10:24 of 2nd period - Alexander Wennberg wins face-off versus Mark Scheifele in TORONTO zone.
10:30 of 2nd period - Shot by Patrik Nemeth.
10:30 of 2nd period - Stopped by Anton Khudobin with a rebound.
10:44 of 2nd period - Shot by Valeri Nichushkin.
10:44 of 2nd period - Shot Misses the Net.
10:46 of 2nd period - Shot by Andrej Sekera.
10:46 of 2nd period - Stopped by Anton Khudobin with a rebound.
11:16 of 2nd period - Aaron Ekblad is hit by Ondrej Palat.
11:37 of 2nd period - Alex Pietrangelo is hit by Oskar Lindblom and loses puck.
11:47 of 2nd period - Scott Laughton is hit by Ethan Bear and loses puck.
11:58 of 2nd period - Shot by Justin Williams.
11:58 of 2nd period - Shot Misses the Net.
12:00 of 2nd period - Shot by Justin Williams.
12:00 of 2nd period - Shot Misses the Net.
12:02 of 2nd period - Shot by Ethan Bear.
12:02 of 2nd period - Stopped by John Gibson with a rebound.
12:04 of 2nd period - Shot by Kevin Shattenkirk.
12:04 of 2nd period - Shot Misses the Net.
12:06 of 2nd period - Shot by Kevin Shattenkirk.
12:06 of 2nd period - Shot Hit the Post.
12:08 of 2nd period - Shot by Nick Suzuki.
12:08 of 2nd period - Shot Misses the Net.
12:10 of 2nd period - Shot by Oskar Lindblom.
12:10 of 2nd period - Stopped by John Gibson without a rebound.
12:11 of 2nd period - Joe Pavelski wins face-off versus Christian Dvorak in DETROIT zone.
12:32 of 2nd period - Shot by Jeff Skinner.
12:32 of 2nd period - Shot Misses the Net.
13:32 of 2nd period - Shot by Robert Bortuzzo.
13:32 of 2nd period - Shot Misses the Net.
14:09 of 2nd period - Shot by Justin Williams.
14:09 of 2nd period - Goal by Justin Williams - DETROIT : 2 - TORONTO : 3.
14:10 of 2nd period - Scott Laughton wins face-off versus Mark Scheifele in neutral zone.
15:04 of 2nd period - Shot by Zemgus Girgensons.
15:04 of 2nd period - Shot Misses the Net.
15:06 of 2nd period - Shot by Patrik Nemeth.
15:06 of 2nd period - Shot Misses the Net.
15:13 of 2nd period - Icing by Brayden Point.
15:14 of 2nd period - Mark Scheifele wins face-off versus Christian Dvorak in TORONTO zone.
15:53 of 2nd period - Oscar Klefbom is hit by Brady Tkachuk and loses puck.
16:09 of 2nd period - Max Domi is hit by Brady Tkachuk and loses puck.
16:17 of 2nd period - Off-side.
16:18 of 2nd period - Alexander Wennberg wins face-off versus Nick Suzuki in neutral zone.
16:26 of 2nd period - Off-side.
16:27 of 2nd period - Scott Laughton wins face-off versus Curtis Lazar in neutral zone.
17:19 of 2nd period - Icing by Justin Williams.
17:20 of 2nd period - Nick Suzuki wins face-off versus Valeri Nichushkin in TORONTO zone.
17:38 of 2nd period - Zemgus Girgensons is hit by Josh Morrissey and loses puck.
17:48 of 2nd period - Alexander Wennberg is hit by Matt Niskanen.
17:53 of 2nd period - Valeri Nichushkin is hit by Matt Niskanen and loses puck.
18:16 of 2nd period - Shot by Calle Jarnkrok.
18:16 of 2nd period - Deflect By Max Domi.
18:16 of 2nd period - Shot Misses the Net.
18:18 of 2nd period - Shot by Oscar Klefbom.
18:18 of 2nd period - Stopped by Anton Khudobin with a rebound.
18:23 of 2nd period - Max Domi is hit by Jordie Benn and loses puck.
18:28 of 2nd period - Shot by Tyler Myers.
18:28 of 2nd period - Stopped by Anton Khudobin without a rebound.
18:29 of 2nd period - Joe Pavelski wins face-off versus Justin Abdelkader in TORONTO zone.
18:50 of 2nd period - Shot by Jeff Skinner.
18:50 of 2nd period - Shot Misses the Net.
18:52 of 2nd period - Shot by Ethan Bear.
18:52 of 2nd period - Shot Misses the Net.
18:54 of 2nd period - Shot by Kevin Shattenkirk.
18:54 of 2nd period - Shot Blocked by Alex Pietrangelo.
18:56 of 2nd period - Shot by Ethan Bear.
18:56 of 2nd period - Shot Blocked by Alex Pietrangelo.
18:58 of 2nd period - Shot by Jeff Skinner.
18:58 of 2nd period - Shot Misses the Net.
19:00 of 2nd period - Shot by Joe Pavelski.
19:00 of 2nd period - Stopped by John Gibson without a rebound.
19:01 of 2nd period - Brayden Point wins face-off versus Ryan Nugent-Hopkins in DETROIT zone.
19:13 of 2nd period - Taylor Hall is hit by Ian Cole and loses puck.
19:20 of 2nd period - Robert Bortuzzo is hit by Mark Scheifele and loses puck.
19:37 of 2nd period - Shot by Scott Laughton.
19:37 of 2nd period - Shot Misses the Net.
Goals for this period are 0 for DETROIT vs 1 for TORONTO.
Shots for this period are 11 for DETROIT vs 12 for TORONTO.

3rd period


0:01 of 3rd period - Joe Pavelski wins face-off versus Scott Laughton in neutral zone.
0:06 of 3rd period - Andrej Sekera is hit by Brady Tkachuk and loses puck.
0:24 of 3rd period - Icing by Andrej Sekera.
0:25 of 3rd period - Scott Laughton wins face-off versus Mark Scheifele in DETROIT zone.
0:25 of 3rd period - Scott Laughton is hit by Mark Scheifele.
0:30 of 3rd period - Andrej Sekera is hit by Brayden Point and loses puck.
0:49 of 3rd period - Taylor Hall is hit by Mark Scheifele.
1:09 of 3rd period - Shot by Max Domi.
1:09 of 3rd period - Stopped by Anton Khudobin with a rebound.
1:12 of 3rd period - Minor Penalty to Christian Dvorak for Tripping.
1:13 of 3rd period - Ryan Nugent-Hopkins wins face-off versus Brady Tkachuk in DETROIT zone.
1:42 of 3rd period - Shot by Matt Niskanen.
1:42 of 3rd period - Stopped by John Gibson without a rebound.
1:43 of 3rd period - Joe Pavelski wins face-off versus Ryan Nugent-Hopkins in DETROIT zone.
1:50 of 3rd period - Shot by Brayden Point.
1:50 of 3rd period - Goal by Brayden Point - DETROIT : 2 - TORONTO : 4.
1:51 of 3rd period - Curtis Lazar wins face-off versus Alexander Wennberg in neutral zone.
2:05 of 3rd period - Shot by Jordan Martinook.
2:05 of 3rd period - Shot Misses the Net.
2:07 of 3rd period - Shot by Jordan Martinook.
2:07 of 3rd period - Shot Blocked by Tyler Myers.
2:24 of 3rd period - Shot by Ryan Reaves.
2:24 of 3rd period - Stopped by John Gibson without a rebound.
2:25 of 3rd period - Christian Dvorak wins face-off versus Joe Pavelski in DETROIT zone.
2:25 of 3rd period - Christian Dvorak is hit by Brady Tkachuk.
2:38 of 3rd period - Josh Morrissey is hit by Alex Pietrangelo and loses puck.
2:58 of 3rd period - Aaron Ekblad is hit by Brady Tkachuk and loses puck.
3:35 of 3rd period - Shot by Ryan Nugent-Hopkins.
3:35 of 3rd period - Stopped by Anton Khudobin with a rebound.
3:58 of 3rd period - Shot by Mark Scheifele.
3:58 of 3rd period - Deflect By Brayden Point.
3:58 of 3rd period - Shot Misses the Net.
4:03 of 3rd period - Icing by Andrej Sekera.
4:04 of 3rd period - Nick Suzuki wins face-off versus Scott Laughton in DETROIT zone.
4:16 of 3rd period - Oskar Lindblom is hit by Andrej Sekera and loses puck.
4:27 of 3rd period - Shot by Justin Williams.
4:27 of 3rd period - Shot Misses the Net.
4:39 of 3rd period - Shot by Nick Suzuki.
4:39 of 3rd period - Shot Misses the Net.
4:41 of 3rd period - Shot by Jordie Benn.
4:41 of 3rd period - Shot Blocked by Taylor Hall.
5:31 of 3rd period - Icing by Jordan Martinook.
5:32 of 3rd period - Curtis Lazar wins face-off versus Max Domi in TORONTO zone.
6:20 of 3rd period - Shot by Jeff Skinner.
6:20 of 3rd period - Stopped by John Gibson with a rebound.
7:12 of 3rd period - Oscar Klefbom is hit by Ondrej Palat and loses puck.
7:36 of 3rd period - Icing by Robert Bortuzzo.
7:37 of 3rd period - Nick Suzuki wins face-off versus Chandler Stephenson in DETROIT zone.
7:39 of 3rd period - Minor Penalty to Oskar Lindblom for Hooking.
7:40 of 3rd period - Scott Laughton wins face-off versus Curtis Lazar in TORONTO zone.
7:45 of 3rd period - Shot by Ryan Nugent-Hopkins.
7:45 of 3rd period - Deflect By Taylor Hall.
7:45 of 3rd period - Shot Misses the Net.
8:01 of 3rd period - Shot by Ryan Nugent-Hopkins.
8:01 of 3rd period - Stopped by Anton Khudobin without a rebound.
8:02 of 3rd period - Max Domi wins face-off versus Brayden Point in TORONTO zone.
8:09 of 3rd period - Shot by Christian Dvorak.
8:09 of 3rd period - Stopped by Anton Khudobin without a rebound.
8:10 of 3rd period - Brayden Point wins face-off versus Christian Dvorak in TORONTO zone.
8:10 of 3rd period - Brayden Point is hit by Max Domi.
8:44 of 3rd period - Shot by Calle Jarnkrok.
8:44 of 3rd period - Stopped by Anton Khudobin without a rebound.
8:45 of 3rd period - Scott Laughton wins face-off versus Curtis Lazar in TORONTO zone.
9:23 of 3rd period - Off-side.
9:24 of 3rd period - Brayden Point wins face-off versus Christian Dvorak in neutral zone.
10:11 of 3rd period - Shot by Nick Suzuki.
10:11 of 3rd period - Shot Misses the Net.
11:16 of 3rd period - Icing by Joe Pavelski.
11:17 of 3rd period - Scott Laughton wins face-off versus Joe Pavelski in TORONTO zone.
11:46 of 3rd period - Shot by Aaron Ekblad.
11:46 of 3rd period - Stopped by Anton Khudobin with a rebound.
12:35 of 3rd period - Icing by Matt Niskanen.
12:36 of 3rd period - Justin Abdelkader wins face-off versus Joe Pavelski in TORONTO zone.
12:38 of 3rd period - Colton Sceviour is hit by Matt Niskanen and loses puck.
12:43 of 3rd period - Shot by Brendan Smith.
12:43 of 3rd period - Shot Blocked by Matt Niskanen.
13:07 of 3rd period - Shot by Robert Bortuzzo.
13:07 of 3rd period - Stopped by Anton Khudobin without a rebound.
13:08 of 3rd period - Christian Dvorak wins face-off versus Mark Scheifele in TORONTO zone.
13:36 of 3rd period - Shot by Ondrej Palat.
13:36 of 3rd period - Stopped by John Gibson without a rebound.
13:37 of 3rd period - Scott Laughton wins face-off versus Nick Suzuki in DETROIT zone.
15:06 of 3rd period - Ethan Bear is hit by Max Domi and loses puck.
15:21 of 3rd period - Shot by Jordan Martinook.
15:21 of 3rd period - Stopped by John Gibson without a rebound.
15:22 of 3rd period - Curtis Lazar wins face-off versus Alexander Wennberg in DETROIT zone.
15:35 of 3rd period - Shot by Valeri Nichushkin.
15:35 of 3rd period - Shot Misses the Net.
15:37 of 3rd period - Shot by Andrej Sekera.
15:37 of 3rd period - Goal by Andrej Sekera - DETROIT : 3 - TORONTO : 4.
15:38 of 3rd period - Justin Abdelkader wins face-off versus Nick Suzuki in neutral zone.
16:38 of 3rd period - Josh Morrissey is hit by Calle Jarnkrok and loses puck.
17:36 of 3rd period - Shot by Brendan Smith.
17:36 of 3rd period - Deflect By Zemgus Girgensons.
17:36 of 3rd period - Stopped by Anton Khudobin with a rebound.
17:40 of 3rd period - Shot by Alexander Wennberg.
17:40 of 3rd period - Stopped by Anton Khudobin without a rebound.
17:41 of 3rd period - Scott Laughton wins face-off versus Curtis Lazar in TORONTO zone.
17:57 of 3rd period - Aaron Ekblad is hit by Ian Cole and loses puck.
18:15 of 3rd period - Taylor Hall is hit by Jordie Benn and loses puck.
18:17 of 3rd period - Minor Penalty to Jordie Benn for Hooking.
18:17 of 3rd period - Minor Penalty to Scott Laughton for Slashing.
18:18 of 3rd period - Ryan Nugent-Hopkins wins face-off versus Brayden Point in TORONTO zone.
18:23 of 3rd period - Shot by Taylor Hall.
18:23 of 3rd period - Stopped by Anton Khudobin with a rebound.
18:25 of 3rd period - Shot by Ryan Nugent-Hopkins.
18:25 of 3rd period - Shot Misses the Net.
18:27 of 3rd period - Shot by Oscar Klefbom.
18:27 of 3rd period - Stopped by Anton Khudobin with a rebound.
18:41 of 3rd period - Shot by Oscar Klefbom.
18:41 of 3rd period - Shot Misses the Net.
18:58 of 3rd period - Brayden Point is hit by Taylor Hall and loses puck.
19:19 of 3rd period - DETROIT, John Gibson is pulled from the net.
19:23 of 3rd period - Shot by Max Domi.
19:23 of 3rd period - Stopped by Anton Khudobin with a rebound.
19:37 of 3rd period - Shot by Chandler Stephenson.
19:37 of 3rd period - Shot Misses the Net.
19:39 of 3rd period - Shot by Alex Pietrangelo.
19:39 of 3rd period - Shot Blocked by Ian Cole.
19:41 of 3rd period - Shot by Alex Pietrangelo.
19:41 of 3rd period - Stopped by Anton Khudobin without a rebound.
19:41 of 3rd period - Minor Penalty to Anton Khudobin for Slashing.
19:42 of 3rd period - Christian Dvorak wins face-off versus Jordan Martinook in TORONTO zone.
Goals for this period are 1 for DETROIT vs 1 for TORONTO.
Shots for this period are 14 for DETROIT vs 6 for TORONTO.